[Event "Titled Tuesday Blitz May 16 Early 2023"]
[White "Maluco_do_Natal_00"]
[Black "Ramirez Vido, Robert Yorisan"]
[BlackFideId "3513823"]
[WhiteElo "2017"]
[BlackElo "2381"]
[Result "1-0"]
[Round "05"]
[TimeControl "180+2"]
[Date "2023.05.16"]
[WhiteClock "0:00:09"]
[BlackClock "0:00:00"]

1. e4 d6 2. d4 Nf6 3. Bd3 g6 4. Nf3 Bg7 5. c4 O-O 6. Nc3 Nc6 7. h3 e5 8. d5 Nd4 9. Be3 Nd7 10. b4 f5 11. Rc1 Nxf3+ 12. gxf3 Nf6 13. Bg5 h6 14. Bxf6 Qxf6 15. Qe2 fxe4 16. Bxe4 Bd7 17. Rg1 g5 18. Rg3 Qf4 19. Rd1 a5 20. b5 b6 21. a4 Qh4 22. Kd2 Bxh3 23. Rh1 Qf4+ 24. Qe3 Bd7 25. Ne2 Qxe3+ 26. fxe3 Bf5 27. Nc3 Rf7 28. Bxf5 Rxf5 29. Ne4 Raf8 30. Ke2 Kf7 31. Nf2 Kg6 32. Ng4 R5f7 33. Rgh3 Rh8 34. Nf2 Rhf8 35. Ne4 Rf5 36. Rg1 R5f7 37. Rgh1 Rf5 38. Rg1 Rg8 39. Rgh1 Kf7 40. Ng3 Rf6 41. Nh5 Rg6 42. Ng3 Ke7 43. Nf5+ Kd7 44. Nxg7 R8xg7 45. Rxh6 Rxh6 46. Rxh6 Ke7 47. Kf2 Kf7 48. Kg3 Rg6 49. Rh7+ Rg7 50. Rh6 Rg6 51. Rh7+ Rg7 52. Rxg7+ Kxg7 53. Kg4 Kg6 54. e4 Kh6 55. Kf5 Kh5 56. Ke6 Kh4 57. Kd7 Kg3 58. Kxc7 Kxf3 59. Kxd6 g4 60. c5 g3 61. c6 g2 62. c7 g1=Q 63. c8=Q Qg6+ 64. Qe6 Qxe4 65. Qxe5 Qb4+ 66. Kc6 Qxa4 67. d6 Qc2+ 68. Kxb6 a4 69. Qd5+ Ke3 70. d7 a3 71. d8=Q a2 72. Qe7+ Kf2 73. Qdf7+ Kg1 74. Qg5+ Qg2 75. Qxg2+ Kxg2 76. Qxa2+ 1-0


[Site "https://www.chess.com"]

[Event "Titled Tuesday Blitz May 16 Early 2023"]
[White "Gutkin, Ilya"]
[Black "Necula, Iulian"]
[WhiteFideId "16203470"]
[BlackFideId "1232380"]
[WhiteElo "2265"]
[BlackElo "1790"]
[Result "1-0"]
[Round "05"]
[TimeControl "180+2"]
[Date "2023.05.16"]
[WhiteClock "0:01:42"]
[BlackClock "0:00:45"]

1. e4 d6 2. d4 Nf6 3. f3 Nbd7 4. Nc3 e5 5. dxe5 Nxe5 6. Bg5 Be7 7. Qd2 h6 8. Be3 c6 9. O-O-O b5 10. Kb1 Be6 11. Nh3 Qc7 12. Nf4 Bc4 13. h4 Bxf1 14. Rhxf1 Nc4 15. Qe2 Nxe3 16. Qxe3 b4 17. Nce2 O-O 18. Nd4 Rfe8 19. g4 Bf8 20. g5 Nd5 21. Nxd5 cxd5 22. gxh6 dxe4 23. fxe4 g6 24. h5 d5 25. hxg6 Rxe4 26. gxf7+ Kh7 27. Qg5 Qe5 28. Nf5 Qe6 29. Qg8# 1-0


[Site "https://www.chess.com"]

[Event "Titled Tuesday Blitz May 16 Early 2023"]
[White "stratacticos"]
[Black "Goncalves, Davi Sulzbacher"]
[BlackFideId "2154510"]
[WhiteElo "1882"]
[BlackElo "2182"]
[Result "0-1"]
[Round "05"]
[TimeControl "180+2"]
[Date "2023.05.16"]
[WhiteClock "0:00:00"]
[BlackClock "0:00:20"]

1. e4 c5 2. b4 cxb4 3. a3 d5 4. exd5 Qxd5 5. Nf3 e5 6. c4 bxc3 7. Nxc3 Qa5 8. Bb5+ Bd7 9. Bxd7+ Nxd7 10. O-O Ngf6 11. Re1 Bd6 12. Qb3 O-O 13. Nb5 Bc5 14. Bb2 e4 15. Ne5 Nxe5 16. Bxe5 Bxf2+ 17. Kxf2 Ng4+ 18. Kg1 Nxe5 19. Rxe4 Rae8 20. Nc3 Nd3 21. Rxe8 Rxe8 22. h3 Qc5+ 23. Kh2 Qd6+ 24. Kg1 Qd4+ 25. Kh2 Qf4+ 26. Kg1 Qxd2 27. Rf1 Nf4 28. Qxb7 Qxc3 29. Rxf4 Qc1+ 30. Rf1 Qc5+ 31. Kh1 Qe7 32. Qxe7 Rxe7 33. Rb1 g6 34. a4 Kg7 35. a5 Re5 36. a6 Re6 37. Ra1 f5 38. g4 f4 39. Kg2 g5 40. Kf3 h6 41. h4 Kf6 42. hxg5+ hxg5 0-1


[Site "https://www.chess.com"]

[Event "Titled Tuesday Blitz May 16 Early 2023"]
[White "Baches Garcia, Guillermo"]
[Black "Jiganchine, Roman"]
[WhiteFideId "2209764"]
[BlackFideId "2603667"]
[WhiteElo "2475"]
[BlackElo "2250"]
[Result "1-0"]
[Round "05"]
[TimeControl "180+2"]
[Date "2023.05.16"]
[WhiteClock "0:00:03"]
[BlackClock "0:00:00"]

1. e4 c6 2. d4 d5 3. e5 Bf5 4. h4 h5 5. Bd3 Bxd3 6. Qxd3 Qa5+ 7. Nd2 e6 8. Nf3 Qa6 9. c4 Ne7 10. O-O Nf5 11. b3 Be7 12. a4 Nd7 13. Ba3 Bxa3 14. Rxa3 g6 15. Qc2 O-O 16. Rc1 Rfd8 17. a5 Rac8 18. b4 b6 19. Rc3 Nf8 20. cxd5 Rxd5 21. Rxc6 Rxc6 22. Qxc6 Nxd4 23. Nxd4 Rxd4 24. Nf3 Rd5 25. Qe8 Qb5 26. Qe7 Qd7 27. Qxd7 Nxd7 28. Rc7 bxa5 29. bxa5 a6 30. Ra7 Kg7 31. Rxa6 Nxe5 32. Ng5 Ng4 33. g3 Rd1+ 34. Kg2 Rd2 35. Ne4 Re2 36. Kf3 Re1 37. Ra7 Nh2+ 38. Kf4 e5+ 39. Kxe5 Ng4+ 40. Kd4 Nf6 41. Ng5 Ng4 42. Rxf7+ Kg8 43. Rb7 Rd1+ 44. Kc5 Nxf2 45. a6 Rc1+ 46. Kb6 Nd3 47. a7 Rb1+ 48. Kc7 Rc1+ 49. Kb8 Nc5 50. a8=Q 1-0


[Site "https://www.chess.com"]

[Event "Titled Tuesday Blitz May 16 Early 2023"]
[White "littlepillow2010"]
[Black "Antonio, Jorge Carlos"]
[BlackFideId "113190"]
[WhiteElo "2342"]
[BlackElo "2247"]
[Result "1/2-1/2"]
[Round "05"]
[TimeControl "180+2"]
[Date "2023.05.16"]
[WhiteClock "0:00:02"]
[BlackClock "0:00:03"]

1. e4 e5 2. Nf3 Nc6 3. Bb5 f5 4. Bxc6 dxc6 5. Nxe5 Qd4 6. Nf3 Qxe4+ 7. Qe2 Bd7 8. Nc3 Qxe2+ 9. Nxe2 O-O-O 10. O-O Nf6 11. d3 Re8 12. Nc3 Bd6 13. Bd2 h6 14. Rae1 g5 15. Rxe8+ Rxe8 16. Re1 Rxe1+ 17. Bxe1 c5 18. Bd2 Bc6 19. h4 g4 20. Ne1 h5 21. g3 Kd7 22. Ng2 Bxg2 23. Kxg2 Be5 24. Nd1 Nd5 25. c3 f4 26. c4 f3+ 27. Kf1 Nb4 28. Bxb4 cxb4 29. b3 Bd4 30. Ne3 c6 31. Ke1 Bc3+ 32. Kd1 Ke6 33. Kc2 Be1 34. Nd1 Ke5 35. Kc1 Kd4 36. Kc2 c5 37. Ne3 Bxf2 38. Nf5+ Ke5 39. Ng7 Bxg3 40. Nxh5 Bxh4 41. Kd2 f2 42. Ke2 Kf5 43. Ng7+ Kf4 44. Ne6+ Ke5 45. Nxc5 Kd4 46. Ne4 g3 47. Kf1 Kxd3 48. Nd6 Ke3 49. Nf5+ Kf3 50. Nxh4+ Kg4 51. Ng2 Kf3 52. c5 a5 53. Nh4+ Kg4 54. Ng6 Kf3 55. Ne5+ Ke4 56. Nc4 Kf3 57. Nd2+ Ke3 58. Nc4+ Kf3 59. Ne5+ Ke3 60. c6 bxc6 61. Nxc6 Kf3 62. Nd4+ Ke3 63. Nf5+ Kf3 64. Nh4+ Ke3 65. Nf5+ Kf3 66. Nd4+ Ke4 67. Ne2 Kf3 68. Nd4+ 1/2-1/2


[Site "https://www.chess.com"]

[Event "Titled Tuesday Blitz May 16 Early 2023"]
[White "Dahlgren, James Allen"]
[Black "Rian, Kapriaga"]
[WhiteFideId "22256873"]
[BlackFideId "7103263"]
[WhiteElo "2197"]
[BlackElo "2318"]
[Result "0-1"]
[Round "05"]
[TimeControl "180+2"]
[Date "2023.05.16"]
[WhiteClock "0:00:00"]
[BlackClock "0:00:34"]

1. d3 d5 2. f4 Nf6 3. Nf3 Nc6 4. g3 Bg4 5. Bg2 Bxf3 6. Bxf3 e5 7. Nc3 Bb4 8. O-O O-O 9. e4 Bxc3 10. bxc3 dxe4 11. dxe4 Qxd1 12. Rxd1 Rfd8 13. Ba3 h6 14. Kf2 g5 15. f5 Kg7 16. g4 Rxd1 17. Rxd1 Rd8 18. Rxd8 Nxd8 19. Ke3 b6 20. Be2 c5 21. h3 Nb7 22. Bc4 Nd6 23. Bd3 Nfxe4 24. Bxe4 Nc4+ 25. Kd3 Nxa3 26. Bd5 f6 27. c4 Kf8 28. Be6 Ke7 29. Kc3 Nb1+ 30. Kd3 Kd6 31. c3 Na3 32. Ke3 a6 0-1


[Site "https://www.chess.com"]

[Event "Titled Tuesday Blitz May 16 Early 2023"]
[White "Rose, Felix"]
[Black "Sailer, Mike"]
[WhiteFideId "5105722"]
[BlackFideId "2012901"]
[WhiteElo "2039"]
[BlackElo "2109"]
[Result "1/2-1/2"]
[Round "05"]
[TimeControl "180+2"]
[Date "2023.05.16"]
[WhiteClock "0:00:09"]
[BlackClock "0:00:05"]

1. e4 d5 2. exd5 Qxd5 3. Nc3 Qd6 4. d4 Nf6 5. Nf3 c6 6. Ne5 Nbd7 7. Bf4 Nd5 8. Nxd5 Qxd5 9. Qd3 Nxe5 10. dxe5 Qxd3 11. Bxd3 Bg4 12. f3 Bh5 13. O-O-O e6 14. Rd2 O-O-O 15. Rhd1 Bb4 16. c3 Ba5 17. g4 Bg6 18. Bxg6 hxg6 19. Rxd8+ Bxd8 20. Kc2 Bc7 21. g5 Rh4 22. Bg3 Rh5 23. f4 Rh8 24. h4 Rd8 25. Rh1 Rh8 26. a4 Bb6 27. Kd3 a6 28. b4 Kd7 29. Ke4 Ke7 30. c4 a5 31. bxa5 Bxa5 32. Rb1 b6 33. c5 Rb8 34. Bf2 b5 35. axb5 Rxb5 36. Rd1 Bb4 37. Rb1 Kd7 38. Kd3 Ba5 39. Ra1 Kc7 40. Bd4 Kb7 41. Ke4 Kc7 42. Rh1 Rb4 43. Kd3 Rb3+ 44. Kc4 Rf3 45. h5 gxh5 46. Rxh5 Rxf4 47. Rh7 g6 48. Rh8 Bd2 49. Kd3 Be1 50. Ke3 Rf5 51. Rf8 Bg3 52. Ke4 Rf4+ 53. Ke3 Rf5 54. Ke4 Rf4+ 55. Ke3 Rf5 1/2-1/2


[Site "https://www.chess.com"]

[Event "Titled Tuesday Blitz May 16 Early 2023"]
[White "Yonal, Timur"]
[Black "Cramling Bellon, Anna"]
[WhiteFideId "44115725"]
[BlackFideId "32009232"]
[WhiteElo "1966"]
[BlackElo "1976"]
[Result "1-0"]
[Round "05"]
[TimeControl "180+2"]
[Date "2023.05.16"]
[WhiteClock "0:01:17"]
[BlackClock "0:00:00"]

1. e4 c5 2. Nf3 Nc6 3. Bb5 Nd4 4. Nxd4 cxd4 5. O-O Qb6 6. Bc4 e6 7. d3 d6 8. f4 Ne7 9. a4 Nc6 10. Nd2 Be7 11. Nf3 O-O 12. Qe2 e5 13. f5 Nb4 14. Bg5 Bxg5 15. Nxg5 d5 16. exd5 Qh6 17. Qg4 Nxc2 18. f6 Ne3 19. Qg3 g6 20. d6 Nxc4 21. dxc4 Kh8 22. c5 Be6 23. Qxe5 Rae8 24. Rfe1 Bf5 25. Qxe8 Rxe8 26. Rxe8+ 1-0


[Site "https://www.chess.com"]

[Event "Titled Tuesday Blitz May 16 Early 2023"]
[White "Floresvillar Gonzalez, Luis Migu"]
[Black "Kretchetov, Alexandre"]
[WhiteFideId "5100542"]
[BlackFideId "4124588"]
[WhiteElo "2040"]
[BlackElo "2494"]
[Result "1-0"]
[Round "05"]
[TimeControl "180+2"]
[Date "2023.05.16"]
[WhiteClock "0:00:12"]
[BlackClock "0:00:19"]

1. d4 d5 2. c3 Nf6 3. Bg5 Bf5 4. Nd2 e6 5. Qb3 b6 6. e3 Nbd7 7. f4 c5 8. Ngf3 c4 9. Qd1 Be7 10. Bxf6 Bxf6 11. Be2 O-O 12. O-O b5 13. b4 a5 14. a3 Be7 15. Ne5 f6 16. Nc6 Qe8 17. Nxa5 e5 18. Bf3 Bd3 19. Bxd5+ Kh8 20. Re1 Rd8 21. Nc6 Rc8 22. fxe5 Rxc6 23. Bxc6 fxe5 24. Bxb5 e4 25. Bxc4 Qc8 26. Bxd3 exd3 27. c4 Nf6 28. e4 Ng4 29. Rf1 Ne3 30. Rxf8+ Qxf8 31. Qf3 Qxf3 32. gxf3 Nc2 33. Rd1 Nxa3 34. Nb3 Bxb4 35. Rxd3 Nxc4 36. e5 Be7 37. f4 Kg8 38. Nc5 Nb6 39. Ne4 Nd5 40. Rf3 Kf7 41. f5 g6 42. f6 Bd8 43. Nd6+ Kf8 44. Ne4 Bb6 45. Rd3 Nf4 46. Rd2 Nd5 47. e6 Nxf6 48. Nxf6 Ke7 49. Nxh7 Kxe6 50. Kg2 Kd5 51. Nf6+ Kd6 52. d5 Bd8 53. Ne4+ Kd7 54. Kf3 g5 55. Kg4 Be7 56. Nxg5 Bf8 57. Nf3 Kd6 58. h4 Bg7 59. Ng5 Bh8 60. Rd3 Bf6 61. h5 Ke5 62. Nh7 Bd8 63. d6 Ke6 64. d7 Ke7 65. Ng5 Kf8 66. Ne6+ Ke7 67. Nxd8 Kxd8 68. h6 Kc7 69. h7 Kd8 70. h8=Q+ Ke7 71. d8=Q+ Ke6 72. Re3+ Kf7 73. Qd7+ Kg6 74. Qh5+ Kf6 75. Re6# 1-0


[Site "https://www.chess.com"]

[Event "Titled Tuesday Blitz May 16 Early 2023"]
[White "Petrovic, Aleksa"]
[Black "MANOJ_MISHRA123"]
[WhiteFideId "967629"]
[WhiteElo "2309"]
[BlackElo "2155"]
[Result "1-0"]
[Round "05"]
[TimeControl "180+2"]
[Date "2023.05.16"]
[WhiteClock "0:00:13"]
[BlackClock "0:00:05"]

1. e4 Nf6 2. e5 Nd5 3. d4 d6 4. Nf3 dxe5 5. Nxe5 c6 6. Be2 Nd7 7. Nd3 N7f6 8. O-O g6 9. Nd2 Bg7 10. Nf3 O-O 11. h3 Bf5 12. Re1 Ne4 13. Bf1 Nef6 14. Nfe5 Nd7 15. Nxd7 Bxd7 16. Nc5 Bc8 17. Bg5 Nf6 18. Bc4 b6 19. Nb3 h6 20. Bf4 a5 21. a4 Nd5 22. Bh2 Be6 23. c3 Nxc3 24. Qd3 Bxc4 25. Qxc4 Nd5 26. Qxc6 Nb4 27. Qe4 e6 28. Rac1 Rc8 29. Be5 Bxe5 30. dxe5 Qd7 31. Qe3 Nc2 32. Qxh6 Nxe1 33. Rxe1 Rc2 34. Re4 Qd1+ 35. Kh2 Qh5 36. Qe3 Rxb2 37. Nd4 Rb4 38. Qg3 Rd8 39. Rh4 Qf5 40. Nxf5 exf5 41. Rxb4 axb4 42. Qb3 Rd4 43. e6 fxe6 44. Qxe6+ Kh7 45. Qf7+ Kh6 46. Qf6 Re4 47. Qh8+ Kg5 48. f3 Rh4 49. Qd8+ Kh5 50. g4+ fxg4 51. fxg4+ Rxg4 52. Qd1 Kh6 53. Qxg4 b3 54. Qb4 b2 55. Qxb2 1-0


[Site "https://www.chess.com"]

[Event "Titled Tuesday Blitz May 16 Early 2023"]
[White "Sai Han Thiha"]
[Black "Fernandez Hernandez, Gerardo"]
[WhiteFideId "13012290"]
[BlackFideId "2207400"]
[WhiteElo "1954"]
[BlackElo "2154"]
[Result "1-0"]
[Round "05"]
[TimeControl "180+2"]
[Date "2023.05.16"]
[WhiteClock "0:00:17"]
[BlackClock "0:00:00"]

1. d4 Nf6 2. Nf3 g6 3. c4 Bg7 4. Nc3 O-O 5. e4 d6 6. Be2 h6 7. Be3 Ng4 8. Bd2 e5 9. d5 f5 10. O-O f4 11. Ne1 h5 12. Nd3 g5 13. h3 Nf6 14. Bxh5 Nxh5 15. Qxh5 Nd7 16. b4 b6 17. Rac1 a5 18. a3 axb4 19. axb4 Ra3 20. c5 bxc5 21. bxc5 Ba6 22. Qf3 Bxd3 23. Qxd3 Nxc5 24. Qc4 g4 25. hxg4 f3 26. Nb5 fxg2 27. Kxg2 Qh4 28. f3 Ra4 29. Qe2 Bh6 30. Rh1 Qf6 31. Rxh6 Qg7 32. Rch1 Ra2 33. Nxc7 Nb3 34. Ne6 Rxd2 35. Qxd2 Nxd2 36. Nxg7 Kxg7 37. Rxd6 Nxf3 38. Kg3 Ng5 39. Rd7+ Kg6 40. Re1 Rf4 41. Kg2 Nxe4 42. Re7 Rxg4+ 43. Kf3 Rf4+ 44. Ke3 Nc3 45. Rxe5 Nb5 46. Kxf4 1-0


[Site "https://www.chess.com"]

[Event "Titled Tuesday Blitz May 16 Early 2023"]
[White "Fernandez Garcia, Gumersindo"]
[Black "Ciuffoletti, Paolo"]
[WhiteFideId "24516740"]
[BlackFideId "807630"]
[WhiteElo "2093"]
[BlackElo "2143"]
[Result "1-0"]
[Round "05"]
[TimeControl "180+2"]
[Date "2023.05.16"]
[WhiteClock "0:00:22"]
[BlackClock "0:00:00"]

1. d4 d5 2. e4 dxe4 3. Nc3 Nf6 4. Bg5 Bf5 5. Nge2 h6 6. Bxf6 exf6 7. Ng3 Bg6 8. Ncxe4 f5 9. Nc5 b6 10. Nb3 Be7 11. Bd3 O-O 12. O-O f4 13. Qf3 Bxd3 14. cxd3 Nd7 15. Qxf4 Nf6 16. Ne4 Nd5 17. Qf3 Re8 18. Rac1 Bf8 19. h3 Rc8 20. Nc3 Nb4 21. a3 Na6 22. Qb7 Nb8 23. Qxa7 Nc6 24. Qb7 Nxd4 25. Nxd4 Qxd4 26. Qd5 Bc5 27. Qxd4 Bxd4 28. Rfe1 Bxc3 29. Rxe8+ Rxe8 30. Rxc3 Re1+ 31. Kh2 c5 32. Rb3 Re6 33. Kg3 Kf8 34. Kf3 Ke7 35. g3 Kd7 36. d4 cxd4 37. Rd3 Rf6+ 38. Ke2 Rd6 39. Rb3 Kc6 40. Kd3 b5 41. a4 bxa4 42. Rb4 Kc5 43. Rxa4 Rb6 44. b4+ Rxb4 45. Rxb4 Kxb4 46. Kxd4 Kb3 47. f4 Kc2 48. g4 Kd2 49. h4 Ke2 50. Ke4 Kf2 51. h5 Kg3 52. g5 Kh4 53. g6 f6 54. f5 Kxh5 55. Kd5 Kg5 56. Ke6 h5 57. Kf7 h4 58. Kxg7 h3 59. Kf7 h2 60. g7 h1=Q 61. g8=Q+ Kxf5 62. Qg6+ Ke5 63. Qxf6+ Kd5 64. Qd8+ Ke5 65. Qc7+ Kf5 66. Qc8+ Ke5 67. Qb8+ Kf5 68. Qb5+ Kg4 69. Qd7+ Kg5 70. Qd2+ Kg4 71. Qe2+ 1-0


[Site "https://www.chess.com"]

[Event "Titled Tuesday Blitz May 16 Early 2023"]
[White "Benaddi, Mouhcine"]
[Black "Li, Hui"]
[WhiteFideId "9001050"]
[BlackFideId "15400310"]
[WhiteElo "2036"]
[BlackElo "1966"]
[Result "0-1"]
[Round "05"]
[TimeControl "180+2"]
[Date "2023.05.16"]
[WhiteClock "0:00:00"]
[BlackClock "0:00:05"]

1. Nf3 d5 2. g3 Bg4 3. Bg2 Nd7 4. d4 c6 5. O-O Ngf6 6. h3 Bh5 7. c4 e6 8. cxd5 exd5 9. Qb3 Qb6 10. Qe3+ Be7 11. Nh4 Bg6 12. Nc3 Qd8 13. b4 a6 14. a4 O-O 15. Nxg6 hxg6 16. Rb1 Re8 17. Qd3 Bd6 18. Bg5 Qe7 19. b5 axb5 20. axb5 Qe6 21. h4 Ra3 22. bxc6 bxc6 23. Rb7 Rb8 24. Rxb8+ Nxb8 25. Bc1 Ra8 26. e4 dxe4 27. Nxe4 Nxe4 28. Bxe4 Ra1 29. Bg2 Nd7 30. Qc3 Ra6 31. Re1 Qa2 32. d5 cxd5 33. Qc8+ Nf8 34. Bxd5 Ra8 35. Qxa8 Qb1 36. Bd2 Qb2 37. Bg5 Qd4 38. Re8 Kh7 39. Rxf8 Bxf8 40. Qxf8 Qxd5 41. Qa8 Qxa8 0-1


[Site "https://www.chess.com"]

[Event "Titled Tuesday Blitz May 16 Early 2023"]
[White "Zaksaite, Salomeja"]
[Black "Johnson, Ben"]
[WhiteFideId "12801496"]
[BlackFideId "2010917"]
[WhiteElo "2059"]
[BlackElo "2129"]
[Result "0-1"]
[Round "05"]
[TimeControl "180+2"]
[Date "2023.05.16"]
[WhiteClock "0:00:31"]
[BlackClock "0:00:10"]

1. e4 c5 2. Nf3 Nc6 3. Bb5 g6 4. O-O Bg7 5. Re1 e5 6. Bxc6 dxc6 7. d3 Qe7 8. Nbd2 Nf6 9. Nc4 Nd7 10. h3 O-O 11. a4 Nb6 12. Nfd2 Nxc4 13. Nxc4 b6 14. f4 exf4 15. Bxf4 Rd8 16. Qf3 Ba6 17. Rab1 Bxc4 18. dxc4 Rd4 19. b3 Re8 20. e5 Qd7 21. Re3 b5 22. axb5 cxb5 23. cxb5 Qxb5 24. Ra1 a5 25. Qe2 Qxe2 26. Rxe2 Rxf4 27. Rxa5 Bxe5 28. Rd2 Bd4+ 29. Kh2 Rf1 30. Ra6 Be5+ 31. g3 Rf3 32. Rd3 Rxd3 33. cxd3 Bd4 34. Kg2 Re2+ 35. Kf3 Rf2+ 36. Ke4 Rg2 37. b4 Rxg3 38. bxc5 Bxc5 39. d4 Bf8 40. d5 Rxh3 41. d6 Rh1 0-1


[Site "https://www.chess.com"]

[Event "Titled Tuesday Blitz May 16 Early 2023"]
[White "Lakshmi C"]
[Black "Zaichenko, Daria"]
[WhiteFideId "25035347"]
[BlackFideId "4197453"]
[WhiteElo "1942"]
[BlackElo "2039"]
[Result "0-1"]
[Round "05"]
[TimeControl "180+2"]
[Date "2023.05.16"]
[WhiteClock "0:00:00"]
[BlackClock "0:00:16"]

1. f4 d5 2. Nf3 c5 3. g3 Nc6 4. Bg2 g6 5. O-O Bg7 6. d3 e5 7. fxe5 Nxe5 8. Nxe5 Bxe5 9. e4 dxe4 10. Bxe4 f5 11. Bg2 Nf6 12. Qe2 Qe7 13. Kh1 Bd6 14. Qf3 O-O 15. Bg5 Qg7 16. Nc3 Be6 17. Rae1 Rfe8 18. Qxb7 Rab8 19. Qxg7+ Kxg7 20. Bxf6+ Kxf6 21. b3 Be5 22. Ne2 Rbd8 23. Bf3 g5 24. h3 Kg6 25. Kg2 h5 26. g4 fxg4 27. hxg4 hxg4 28. Be4+ Kg7 0-1


[Site "https://www.chess.com"]

[Event "Titled Tuesday Blitz May 16 Early 2023"]
[White "Srebrnic, Ana"]
[Black "Clawitter, Craig"]
[WhiteFideId "14603314"]
[BlackFideId "2023105"]
[WhiteElo "2181"]
[BlackElo "2258"]
[Result "0-1"]
[Round "05"]
[TimeControl "180+2"]
[Date "2023.05.16"]
[WhiteClock "0:00:00"]
[BlackClock "0:00:03"]

1. e4 e6 2. d4 d5 3. Nd2 Be7 4. Ngf3 Nf6 5. Bd3 c5 6. c3 cxd4 7. Nxd4 Nc6 8. Bb5 Bd7 9. Bxc6 Bxc6 10. e5 Nd7 11. f4 O-O 12. O-O Nc5 13. f5 Nd3 14. fxe6 fxe6 15. Nxe6 Qb6+ 16. Nd4 Rxf1+ 17. Qxf1 Nxe5 18. Kh1 Rf8 19. Qe2 Ng6 20. N2f3 Bf6 21. Bg5 Bxg5 22. Nxg5 Nf4 23. Qd2 h6 24. Ngf3 Qc7 25. Re1 Qf7 26. Nxc6 bxc6 27. Nd4 Qf6 28. h3 Qg5 29. Rg1 Nxh3 0-1


[Site "https://www.chess.com"]

[Event "Titled Tuesday Blitz May 16 Early 2023"]
[White "Muhammed, Shuaau"]
[Black "Kriti Mayur Patel"]
[WhiteFideId "16700406"]
[BlackFideId "35061780"]
[WhiteElo "1922"]
[BlackElo "1306"]
[Result "0-1"]
[Round "05"]
[TimeControl "180+2"]
[Date "2023.05.16"]
[WhiteClock "0:00:05"]
[BlackClock "0:00:22"]

1. e4 e5 2. Nc3 Nf6 3. Nf3 Nc6 4. Bb5 Bb4 5. O-O O-O 6. Bxc6 dxc6 7. d3 Bg4 8. h3 Bxf3 9. Qxf3 Be7 10. Ne2 Qd6 11. Ng3 Qe6 12. Nf5 Bc5 13. Bh6 Ne8 14. Be3 Bb6 15. Qg4 Kh8 16. Bxb6 axb6 17. f4 Rxa2 18. Rxa2 Qxa2 19. fxe5 Qxb2 20. d4 g6 21. Nh6 Qxd4+ 22. Kh1 Kg7 23. Qf4 Qc4 24. Nf5+ gxf5 25. Qg5+ Kh8 26. Rf4 Rg8 27. Qh5 Qe6 28. Rxf5 Qg6 29. Qf3 Rg7 30. c4 b5 31. c5 b4 32. g4 Qh6 33. Kh2 Qe6 34. Kg3 b3 35. Kh4 b2 36. Qd3 Qh6+ 37. Kg3 Qc1 38. Qd8 Qe1+ 39. Kg2 Rg8 40. e6 b1=Q 41. Qd4+ Ng7 42. exf7 Qc2+ 43. Rf2 Qcxf2+ 44. Qxf2 Qxf2+ 45. Kxf2 Rf8 46. Ke3 Rxf7 47. h4 Re7 48. h5 Ne6 49. e5 Kg7 50. Ke4 Nxc5+ 51. Kf5 Nd7 52. g5 Nxe5 53. h6+ Kf7 54. g6+ hxg6+ 55. Kg5 Kg8 0-1


[Site "https://www.chess.com"]

[Event "Titled Tuesday Blitz May 16 Early 2023"]
[White "Suduvasachmatai"]
[Black "FunnyDuck66"]
[WhiteElo "2088"]
[BlackElo "2254"]
[Result "1-0"]
[Round "05"]
[TimeControl "180+2"]
[Date "2023.05.16"]
[WhiteClock "0:01:55"]
[BlackClock "0:01:01"]

1. e4 c6 2. Nf3 d5 3. Nc3 dxe4 4. Nxe4 Nf6 5. Qe2 Nxe4 6. Qxe4 Be6 7. d4 Bd5 8. Qe3 Bxf3 9. Qxf3 Qxd4 10. Bd3 Qf6 11. Qe3 Nd7 12. O-O e6 13. Bd2 Bc5 14. Qg3 O-O 15. Bc3 Bd4 16. Bxd4 Qxd4 17. Rad1 Qxb2 18. Bxh7+ Kxh7 19. Rxd7 Rad8 20. Rxd8 Rxd8 21. Qh4+ Kg6 22. Qxd8 Qxc2 23. Qb8 Qxa2 24. Qxb7 c5 25. Qb1+ Qxb1 26. Rxb1 a5 27. Rc1 a4 28. Rxc5 a3 29. Ra5 1-0


[Site "https://www.chess.com"]

[Event "Titled Tuesday Blitz May 16 Early 2023"]
[White "Hartikainen, Jarmo"]
[Black "rikchessmx"]
[WhiteFideId "503134"]
[WhiteElo "2083"]
[BlackElo "2244"]
[Result "0-1"]
[Round "05"]
[TimeControl "180+2"]
[Date "2023.05.16"]
[WhiteClock "0:00:02"]
[BlackClock "0:00:04"]

1. e4 e5 2. Nf3 Nc6 3. Bc4 Bc5 4. c3 d6 5. b4 Bb6 6. Qb3 Qf6 7. d3 h6 8. a4 a6 9. a5 Ba7 10. Be3 Nge7 11. O-O O-O 12. Nbd2 Ng6 13. Rad1 Nf4 14. Kh1 Bg4 15. Rde1 Ne7 16. d4 Neg6 17. dxe5 dxe5 18. Bxa7 Rxa7 19. Re3 Raa8 20. Rg1 Rad8 21. Qc2 Ne6 22. Bf1 Ngf4 23. c4 Nd4 24. Qa4 Rfe8 25. b5 Qd6 26. bxa6 bxa6 27. Qa2 Qc5 28. Nb3 Nxb3 29. Qxb3 Ne6 30. Be2 Bxf3 31. Bxf3 Nd4 32. Qa3 Qxc4 33. Rc3 Qb5 34. Rgc1 c6 35. Qc5 Qb2 36. h3 Qxf2 37. R3c2 Qg3 38. Rd2 Nxf3 39. gxf3 Rxd2 40. Qe7 Qg2# 0-1


[Site "https://www.chess.com"]

[Event "Titled Tuesday Blitz May 16 Early 2023"]
[White "Grabinsky, Vladimir"]
[Black "Vargas Rodriguez, Wilver"]
[WhiteFideId "14107074"]
[BlackFideId "3509672"]
[WhiteElo "2027"]
[BlackElo "2246"]
[Result "1-0"]
[Round "05"]
[TimeControl "180+2"]
[Date "2023.05.16"]
[WhiteClock "0:00:16"]
[BlackClock "0:00:00"]

1. e4 c5 2. b4 b6 3. bxc5 bxc5 4. Nf3 Nc6 5. Bc4 e6 6. O-O Be7 7. Nc3 d6 8. Re1 e5 9. d3 Nf6 10. Bg5 Be6 11. Bxf6 Bxf6 12. Bd5 Qd7 13. Rb1 O-O 14. Nd2 Rab8 15. Nc4 Nd4 16. Qd2 Bg4 17. h3 Bxh3 18. Ne2 Qg4 19. Ng3 Rxb1 20. Rxb1 h5 21. c3 h4 22. cxd4 hxg3 23. gxh3 gxf2+ 24. Kxf2 Bh4+ 25. Kf1 Qf3+ 26. Kg1 1-0


[Site "https://www.chess.com"]

[Event "Titled Tuesday Blitz May 16 Early 2023"]
[White "ChawitAp"]
[Black "Joubert, Dantelle"]
[BlackFideId "14310813"]
[WhiteElo "2224"]
[BlackElo "1507"]
[Result "0-1"]
[Round "05"]
[TimeControl "180+2"]
[Date "2023.05.16"]
[WhiteClock "0:00:00"]
[BlackClock "0:00:06"]

1. d4 d5 2. Nf3 Nf6 3. c3 c5 4. dxc5 Nc6 5. Bf4 Bg4 6. Nbd2 a5 7. Qa4 Qd7 8. e3 e6 9. Bb5 Bxf3 10. Nxf3 Ne4 11. Bd6 Bxd6 12. cxd6 O-O 13. Ne5 Qxd6 14. Nxc6 bxc6 15. Bxc6 Rab8 16. Bb5 Qb6 17. c4 dxc4 18. Bxc4 Qxb2 19. O-O Nd2 20. Rfd1 Rb4 21. Qxa5 Nxc4 22. Qc5 g6 23. h4 Na3 24. h5 Rb5 0-1


[Site "https://www.chess.com"]

[Event "Titled Tuesday Blitz May 16 Early 2023"]
[White "Quirke, Jeffrey"]
[Black "Aung Thant Zin"]
[WhiteFideId "2013029"]
[BlackFideId "13000063"]
[WhiteElo "2223"]
[BlackElo "2278"]
[Result "1-0"]
[Round "05"]
[TimeControl "180+2"]
[Date "2023.05.16"]
[WhiteClock "0:00:01"]
[BlackClock "0:01:51"]

1. e4 c5 2. Nc3 Nc6 3. f4 e6 4. Nf3 Nf6 5. e5 Nd5 6. Ne4 d6 7. d3 dxe5 8. fxe5 Be7 9. a3 O-O 10. c4 Nc7 11. Be2 b6 12. O-O Bb7 13. Bf4 Nd4 14. Nd6 Nxe2+ 15. Qxe2 Bxd6 16. exd6 Ne8 17. Ng5 Qd7 18. Qe5 h6 19. Nf3 f6 20. Qe3 e5 21. Bxh6 Nxd6 22. Bxg7 Qxg7 23. Nh4 Qg5 24. Qxg5+ fxg5 25. Ng6 Rf3 26. gxf3 Kg7 27. Nxe5 Nf5 28. Ng4 Nd4 29. Rae1 Nxf3+ 30. Rxf3 Bxf3 31. Ne5 Bh5 32. Kf2 Rf8+ 33. Kg3 Re8 34. Nf3 Rd8 35. Re3 Bg6 36. Nxg5 Bxd3 37. Ne6+ 1-0


[Site "https://www.chess.com"]

[Event "Titled Tuesday Blitz May 16 Early 2023"]
[White "Ankudinova, Yelena"]
[Black "White, John S."]
[WhiteFideId "13702114"]
[BlackFideId "2502348"]
[WhiteElo "1937"]
[BlackElo "2007"]
[Result "1-0"]
[Round "05"]
[TimeControl "180+2"]
[Date "2023.05.16"]
[WhiteClock "0:01:56"]
[BlackClock "0:01:03"]

1. Nf3 e6 2. c4 d5 3. cxd5 exd5 4. d4 Nf6 5. Nc3 Nc6 6. Bg5 Be7 7. e3 h6 8. Bxf6 Bxf6 9. Be2 O-O 10. O-O Bg4 11. a3 Re8 12. b4 a5 13. b5 Ne7 14. a4 Ng6 15. Qb3 Be6 16. Rac1 Qd6 17. Bd3 Nh4 18. Nd2 b6 19. Ne2 Nf5 20. Qc2 Rec8 21. Bxf5 Bxf5 22. Qxf5 Qb4 23. Nc3 c5 24. Nxd5 Qxd2 25. Nxb6 Rab8 26. Nxc8 1-0


[Site "https://www.chess.com"]